 Dungeon Crawl Stone Soup version 0.31-a0-703-gcfe89afef6 (webtiles) character file.

Game seed: 8588084585452621775

30104 jasper the Jinx (level 13, 0/67 HPs)
             Began as a Spriggan Venom Mage on Sept 8, 2023.
             Was an Initiate of Gozag.
             Killed by divine providence
             ... invoked by Saint Roka
              (11 damage)
             ... on level 2 of the Orcish Mines.
             The game lasted 00:21:46 (11336 turns).

jasper the Jinx (Spriggan Venom Mage)              Turns: 11336, Time: 00:21:46

Health: 0/67       AC: 11    Str:  4    XL:     13   Next: 18%
Magic:  19/28      EV: 27    Int: 22    God:    Gozag
Gold:   2622       SH:  0    Dex: 20    Spells: 19/33 levels left

rFire   . . .        p - +4 rapier (elec)
rCold   + . .        (no shield)
rNeg    . . .        a - +1 robe
rPois   .            (helmet restricted)
rElec   .            G - scarf of Truth {repulsion, rC+ Dex+5}
rCorr   .            (gloves unavailable)
SInv    +            (boots unavailable)
Will    ++...        t - amulet of magic regeneration
Stlth   ++++         B - +4 ring of protection
HPRegen 0.31/turn    l - +4 ring of protection
MPRegen 0.61/turn

%: repel missiles
@: very quick
A: very small, no large weapons, unfitting armour, see invisible, speed 3
a: Renounce Religion, Potion Petition, Call Merchant, Bribe Branch


You were on level 2 of the Orcish Mines.
You worshipped Gozag.
Gozag was most pleased with you.
You visited 3 branches of the dungeon, and saw 15 of its levels.

You collected 2922 gold pieces.
You spent 300 gold pieces at shops.

Inventory:

Hand Weapons
 g - a +0 spear of freezing
 n - a +2 dagger of venom
 p - a +4 rapier of electrocution (weapon)
 r - a +0 dagger of electrocution
 u - a +1 flail of draining
Missiles
 h - 94 stones
 q - 4 throwing nets
 E - 4 darts of dispersal
Armour
 a - a +1 robe (worn)
 w - an orb of energy
 G - the scarf of Truth (worn) {repulsion, rC+ Dex+5}
   (You acquired it on level 6 of the Dungeon)

   Dex+5:     It affects your dexterity (+5).
   rC+:       It protects you from cold.
 J - an orb of energy
Jewellery
 c - a ring of flight
 j - a ring of ice
 k - a ring of fire
 l - a +4 ring of protection (right hand)
 t - an amulet of magic regeneration (around neck)
 v - a +5 ring of evasion
 y - a +6 ring of dexterity
 B - a +4 ring of protection (left hand)
 K - a ring of magical power
 L - a ring of fire
 V - a ring of positive energy
Talismans
 I - a blade talisman
Wands
 d - a wand of flame (43)
 s - a wand of charming (15)
 P - a wand of mindburst (4)
Scrolls
 e - a scroll of blinking
 A - 7 scrolls of teleportation
 F - a scroll of fog
 N - 2 scrolls of identify
 O - a scroll of enchant armour
 Q - a scroll of vulnerability {unknown}
 R - 2 scrolls of poison
 S - 2 scrolls of fear
 T - a scroll of amnesia {unknown}
 U - 2 scrolls of revelation {unknown}
Potions
 b - 2 potions of magic
 f - 4 potions of lignification
 i - a potion of mutation
 m - 2 potions of might
 o - 3 potions of heal wounds
 x - 2 potions of degeneration
 z - 3 potions of curing
 C - a potion of berserk rage
 D - 2 potions of haste
 H - 3 potions of attraction
 M - a potion of cancellation
 X - a potion of brilliance {unknown}


   Skills:
 + Level 7.4 Fighting
 + Level 11.9 Dodging
 + Level 9.3 Stealth
 - Level 10.5 Spellcasting
 - Level 5.1 Conjurations
 - Level 13.1 Hexes
 - Level 1.3 Transmutations
 - Level 2.5 Air Magic
 - Level 7.0 Poison Magic
 - Level 5.0 Evocations


You had 19 spell levels left.
You knew the following spells:

 Your Spells              Type           Power      Damage    Failure   Level
a - Sting                 Tmut/Pois      100%       1d8       1%          1
b - Poisonous Vapours     Pois/Air       64%        N/A       1%          2
c - Mephitic Cloud        Conj/Pois/Air  33%        N/A       2%          3
d - Olgreb's Toxic Radia  Pois           42%        N/A       3%          4
e - Fulminant Prism       Conj/Hex       25%        3d14      1%          4

Your spell library contained the following spells:

 Spells                   Type           Power      Damage    Failure   Level
 Foxfire                  Conj/Fire      88%        2x1d8     1%          1
 Magic Dart               Conj           100%       1d8       1%          1
 Shock                    Conj/Air       100%       1d9       1%          1
 Searing Ray              Conj           68%        2d6       1%          2
 Inner Flame              Hex/Fire       40%        N/A       1%          3
 Cause Fear               Hex            31%        N/A       1%          4
 Anguish                  Hex/Necr       20%        N/A       3%          4
 Wereblood                Tmut           17%        N/A       4%          2
 Swiftness                Air            22%        N/A       6%          3
 Silence                  Hex/Air        23%        N/A       6%          5
 Airstrike                Air            11%        2d(2-18)  21%         4
 Flame Wave               Conj/Fire      22%        2d8       21%         4
 Sticky Flame             Conj/Fire      22%        2d4       21%         4
 Enfeeble                 Hex            31%        N/A       22%         7
 Petrify                  Tmut/Erth      14%        N/A       41%         4
 Starburst                Conj/Fire      11%        6d5       97%         6
 Plasma Beam              Fire/Air       8%         2x1d19    99%         6


Dungeon Overview and Level Annotations

Branches:
Dungeon (12/15)            Temple (0/1) D:4            Lair (1/5) D:8
    Orc (2/2) D:12
    Elf: Orc:2

Altars:
Fedhas
Gozag
Uskayaw
Wu Jian

Shops:
D:2 =   D:3 (   D:8 (

Annotations:
Lair:1 3 runed translucent doors
Orc:2 Jorgrun, Saint Roka


Innate Abilities, Weirdness & Mutations

You are very small and have problems with some larger weapons.
You are too small for most types of armour.
You have supernaturally acute eyesight. (SInv)
You cover ground extremely quickly. (Speed+++)


Message History

You kill the orc warrior!
You kill the ogre!
Saint Roka is distracted by your dazzling golden aura.
You now have 17/28 mp.
Jorgrun Earthshaker comes into view.
He is wielding a +0 heavy quarterstaff.
Saint Roka is no longer distracted by gold.
Saint Roka shouts!
Jorgrun is poisoned.
The warg is no longer distracted by gold.
A two-headed ogre comes into view. It is wielding two +0 giant clubs.
Saint Roka is distracted by your dazzling golden aura.
You closely miss the warg.
Saint Roka is no longer distracted by gold.
Saint Roka shouts!
The two-headed ogre is poisoned.
Jorgrun is distracted by your dazzling golden aura.
The warg completely misses you.
Saint Roka mumbles some strange prayers to Beogh against you.
Beogh smites you!
Jorgrun shouts!
You take 16 damage, and have 42/67 hp.
MASSIVE DAMAGE!!
Jorgrun is no longer distracted by gold.
Your toxic aura wanes.
The warg completely misses you.
Saint Roka invokes the aid of Beogh against you.
Beogh smites you!
Things that are here:
6 gold pieces; a +0 glaive; a +0 plate armour You take 16 damage, and have 26/67 hp.
MASSIVE DAMAGE!!
The warg bites you but does no damage.
Saint Roka invokes the aid of Beogh against you.
Beogh smites you!
* * * LOW HITPOINT WARNING * * *
The warg attacks as it pursues you! The warg bites you.
* * * LOW HITPOINT WARNING * * *
You take 15 damage, and have 11/67 hp.
MASSIVE DAMAGE!!
Saint Roka calls down the wrath of Beogh upon you.
Beogh smites you!
You die...
Saint Roka roars, "Praise to Beogh!"
Your body crumbles into a pile of gold.

##### ##.#..
.....##
####....# ##
#.......##.#
....$..@..####
....##...h#..##
. ##.......##
##..$....#
##....$.###
..##.O....##
...$g$$o..#
.$....$####
......$#


You could see Saint Roka (extremely poisoned) and a warg.

Vanquished Creatures
  An orc warlord (Orc:1)
  The ghost of bahustanut the Basher, a journeyman OgGl (D:10)
  A two-headed ogre (Orc:1)
  A deep elf zephyrmancer (D:10)
  4 orc sorcerers
  An ugly thing (D:11)
  A cyclops (D:11)
  A black mamba (Lair:1)
  A cane toad (Lair:1)
  Jeremiah (D:8)
  A rime drake (D:8)
  A komodo dragon (Lair:1)
  3 trolls
  A polar bear (D:8)
  Sigmund (D:3)
  A wraith (D:9)
  11 yaks
  Eustachio (D:4)
  2 vampire mosquitoes (D:11)
  A warg (Orc:1)
  3 water moccasins
  3 acid dragons
  6 ice beasts
  2 sky beasts (D:8)
  13 orc warriors
  A black bear (D:7)
  5 ogres
  8 centaurs
  2 kobold brigands
  A phantom (D:4)
  4 bullfrogs
  A scorpion (D:5)
  8 wights
  5 howler monkeys
  A hound (D:4)
  A jelly (D:5)
  7 orc priests
  A gnoll bouda (D:8)
  Natasha (thrice) (D:3)
  Terence (D:3)
  2 iguanas
  12 orc wizards
  7 gnolls
  6 adders
  A shadow imp (D:6)
  2 white imps
  An ufetubus (D:5)
  3 worms
  6 dart slugs
  49 orcs
  5 endoplasms
  4 giant cockroaches
  2 goblins
  3 hobgoblins
  19 kobolds
  4 ball pythons
  6 bats
  6 frilled lizards (D:1)
  4 rats
254 creatures vanquished.

Vanquished Creatures (others)
  A water moccasin (D:8)
  34 fulminant prisms
35 creatures vanquished.

Grand Total: 289 creatures vanquished

Notes
Turn   | Place    | Note
-------+----------+-------------------------------------------
     0 | D:1      | jasper the Spriggan Venom Mage began the quest for the Orb.
     0 | D:1      | Reached XP level 1. HP: 9/9 MP: 5/5
   140 | D:1      | Found a faded altar of an unknown god.
   148 | D:1      | Prayed at the altar of an unknown god.
   148 | D:1      | Became a worshipper of Gozag Ym Sagoz the Greedy
   347 | D:1      | Reached XP level 2. HP: 13/13 MP: 5/7
   527 | D:1      | Learned a level 2 spell: Poisonous Vapours
  1158 | D:2      | Reached XP level 3. HP: 16/16 MP: 6/8
  1162 | D:2      | Learned a level 3 spell: Mephitic Cloud
  1317 | D:2      | Found Erraq's Jewellery Shoppe.
  1936 | D:2      | Bought an amulet of magic regeneration for 300 gold pieces
  2001 | D:3      | Noticed Terence
  2015 | D:3      | Killed Terence
  2066 | D:3      | Noticed Natasha
  2085 | D:3      | Killed Natasha
  2086 | D:3      | Reached skill level 1 in Conjurations
  2086 | D:3      | Reached skill level 1 in Air Magic
  2086 | D:3      | Reached XP level 4. HP: 15/21 MP: 9/9
  2218 | D:3      | Noticed Natasha
  2225 | D:3      | Killed Natasha
  2235 | D:3      | Noticed Natasha
  2254 | D:3      | Killed Natasha
  2255 | D:3      | Reached XP level 5. HP: 3/24 MP: 6/10
  2403 | D:3      | Noticed Sigmund
  2420 | D:3      | Killed Sigmund
  2421 | D:3      | Reached skill level 5 in Poison Magic
  2421 | D:3      | Reached XP level 6. HP: 28/28 MP: 4/11
  2426 | D:3      | Learned a level 4 spell: Olgreb's Toxic Radiance
  2556 | D:3      | Found Iwekhlula's Antique Weapon Emporium.
  2657 | D:3      | Found an ornate altar of the Wu Jian Council.
  2657 | D:3      | Found a blossoming altar of Fedhas.
  3137 | D:4      | Noticed Eustachio
  3178 | D:4      | Killed Eustachio
  3248 | D:4      | Found a staircase to the Ecumenical Temple.
  3288 | D:4      | Reached XP level 7. HP: 27/32 MP: 9/12
  3293 | D:4      | Reached skill level 1 in Fighting
  3502 | D:5      | Entered Level 5 of the Dungeon
  3674 | D:5      | Reached skill level 1 in Evocations
  3738 | D:5      | Reached skill level 5 in Dodging
  3742 | D:5      | Reached XP level 8. HP: 39/39 MP: 3/13
  5189 | D:6      | Identified a scroll of acquirement
  5189 | D:6      | Acquired the scarf of Truth {repulsion, rC+ Dex+5}
  5279 | D:7      | Noticed a +0 short sword
  5279 | D:7      | Noticed a +0 falchion
  5280 | D:7      | Noticed a +0 short sword
  5281 | D:7      | Noticed a +0 dagger
  5281 | D:7      | Noticed a +0 dagger
  5282 | D:7      | Noticed a +0 spear
  5283 | D:7      | Noticed a +0 falchion
  5284 | D:7      | Noticed a +0 spear
  5289 | D:7      | Found a hide-covered altar of Uskayaw.
  5396 | D:7      | Reached skill level 5 in Evocations
  5572 | D:7      | Got Odokor's Thoughts on Fateful Modification
  6066 | D:8      | Noticed Jeremiah
  6079 | D:8      | Killed Jeremiah
  6080 | D:8      | Reached XP level 9. HP: 36/46 MP: 6/14
  6080 | D:8      | Found Tufe's Weapon Shop.
  6088 | D:8      | Learned a level 4 spell: Fulminant Prism
  6298 | D:8      | Reached skill level 1 in Hexes
  6298 | D:8      | Noticed a polar bear
  6300 | D:8      | Found a staircase to the Lair.
  6301 | D:8      | Noticed a rime drake
  6330 | D:8      | Killed a polar bear
  6331 | D:8      | Reached skill level 2 in Hexes
  6365 | D:8      | Reached skill level 5 in Fighting
  6389 | D:8      | Reached skill level 3 in Hexes
  6391 | D:8      | Killed a rime drake
  6397 | D:8      | Reached skill level 4 in Hexes
  6494 | D:8      | Reached skill level 5 in Hexes
  6734 | D:8      | Reached XP level 10. HP: 43/51 MP: 15/15
  7070 | D:9      | Found an opulent altar of Gozag.
  7741 | D:9      | Reached skill level 6 in Hexes
  7752 | D:9      | Reached skill level 5 in Conjurations
  7752 | D:9      | Reached skill level 7 in Hexes
  8140 | D:9      | Reached skill level 13 in Hexes
  8140 | D:9      | Reached XP level 11. HP: 56/56 MP: 16/16
  8141 | D:9      | Reached skill level 10 in Spellcasting
  8141 | D:9      | Reached XP level 12. HP: 60/60 MP: 16/27
  8174 | D:10     | Entered Level 10 of the Dungeon
  8698 | D:10     | Found a runed translucent gate.
  8699 | D:10     | Found a runed translucent gate.
  8700 | D:10     | Found a runed translucent gate.
  8700 | D:10     | Identified the +0 chain mail of Suomperr {rPois rF+++ rC-
                  | SInv}
  8701 | D:10     | Noticed bahustanut's ghost (journeyman OgGl)
  8709 | D:10     | Identified the +1 scale mail of the Secret Visionaries
                  | {Dex+3}
  9035 | D:10     | Killed bahustanut's ghost
  9036 | D:10     | Reached skill level 10 in Dodging
  9036 | D:10     | Reached skill level 5 in Stealth
 10351 | Lair:1   | Entered Level 1 of the Lair of Beasts
 10483 | Lair:1   | Found a runed translucent gate.
 10483 | Lair:1   | Found a runed translucent gate.
 10531 | Lair:1   | Found a runed translucent gate.
 10632 | D:12     | Found a staircase to the Orcish Mines.
 10695 | Orc:1    | Entered Level 1 of the Orcish Mines
 10730 | Orc:1    | Reached XP level 13. HP: 66/66 MP: 28/28
 10889 | Orc:1    | Noticed an orc warlord
 10918 | Orc:1    | Killed an orc warlord
 10929 | Orc:1    | Paralysed by an orc sorcerer for 5 turns
 11321 | Orc:2    | Entered Level 2 of the Orcish Mines
 11321 | Orc:2    | Noticed Saint Roka
 11331 | Orc:2    | Noticed Jorgrun
 11336 | Orc:2    | Killed from afar by Saint Roka

Illustrated notes

Levels and vault maps discovered:
D:1:      amcnicky_arrival_wind_blow, layout_rooms, basic_ecumenical_altar,
          nicolae_titane
D:2:      layout_basic, serial_shops, shop, chequers_jeans
D:3:      layout_rooms, gammafunk_temple_overflow_pools, serial_shops,
          shop_statue, grunt_decor_junction, uniq_natasha, uniq_terence,
          uniq_sigmund
D:4:      layout_gridville, minmay_temple_entry_antechambers, st_stairs_5,
          nicolae_kite_square_tiling_tiny, uniq_eustachio
D:5:      layout_basic
D:6:      layout_loops_corners, serial_rivers, chequers_serial_rivers_small_b,
          chequers_serial_rivers_micro_e, chequers_serial_rivers_marsh,
          chequers_serial_rivers_micro_d, minmay_misc_feat_five
D:7:      layout_loops_corners, nicolae_uskayaw_en_pointe
D:8:      layout_rooms, hellmonk_lair_entry_icy, serial_shops, shop,
          uniq_jeremiah
D:9:      layout_grid_maze, mainiacjoe_overflow_paths
D:10:     layout_roguey, biasface_ghost_orc_armoury, minmay_librarian
D:11:     layout_cave_pods, nicolae_twisty_statue_hallways
D:12:     lemuel_traditional_vault, layout_rooms, orc_0_dummy,
          minmay_fountain_box
Lair:1:   layout_cellular_growth, ebering_ghost_rock_garden
Orc:1:    layout_caves
Orc:2:    st_orc_elflike, layout_diamond_mine, rock_pile, uniq_saint_roka,
          uniq_snorg, uniq_donald, uniq_maurice, uniq_jorgrun

Skill      XL: |  1  2  3  4  5  6  7  8  9 10 11 12 13 |
---------------+----------------------------------------+-----
Spellcasting   | 3 10 | 10.5
Poison Magic   | 4 5 6 7 |  7.0
Conjurations   | 1 2 4 5 |  5.1
Air Magic      | 1 2 |  2.5
Dodging        | 5 8 9 11 | 11.9
Fighting       | 2 4 5 6 7 |  7.4
Evocations     | 1 5 |  5.0
Hexes          | 5 13 | 13.1
Stealth        | 8 9 |  9.3
Transmutations | |  1.3

Action                     |  1- 3 |  4- 6 |  7- 9 | 10-12 | 13-15 || total
---------------------------+-------+-------+-------+-------+-------++-------
  Melee: Spear             |     8 |     2 |       |       |       ||    10
         Dagger            |       |    15 |       |       |       ||    15
         Rapier            |       |     5 |   115 |   113 |    21 ||   254
         Punch             |       |     1 |     2 |       |     1 ||     4
   Cast: Sting             |    60 |    18 |    49 |       |       ||   127
         Poisonous Vapours |    12 |    35 |    32 |    27 |     8 ||   114
         Mephitic Cloud    |       |     3 |     4 |     4 |     1 ||    12
         Olgreb's Toxic Ra |       |     4 |    24 |    33 |    12 ||    73
         Fulminant Prism   |       |       |     4 |    25 |     5 ||    34
  Evoke: Wand              |       |       |    10 |    14 |       ||    24
    Use: Scroll            |     5 |     7 |     6 |     5 |       ||    23
         Potion            |       |       |       |     2 |     2 ||     4
   Stab: Sleeping          |       |       |     1 |     2 |       ||     3
         Confused          |       |       |     1 |     1 |       ||     2
         Distracted        |       |       |       |     1 |       ||     1
 Armour: Robe              |     9 |    14 |    51 |    48 |    16 ||   138
  Dodge: Dodged            |    16 |    27 |   174 |   178 |    41 ||   436
         Repelled          |       |       |     2 |     3 |       ||     5

Table legend: (Time is in decaauts)
 A = Elapsed time spent in this place.
 B = Non-inter-level travel time spent in this place.
 C = Inter-level travel time spent in this place.
 D = Time resting spent in this place.
 E = Time spent auto-exploring this place.
 F = Levels seen in this place.
 G = Mean time per level.
                   A        B        C        D        E       F      G
               +--------+--------+--------+--------+--------+-----+--------+
         Total |   8350 |   8115 |    235 |    405 |   5953 |  15 |  556.7 |
       Dungeon |   7687 |   7472 |    215 |    405 |   5534 |  12 |  640.6 |
          Lair |    180 |    164 |     16 |      0 |     81 |   1 |  180.0 |
  Orcish Mines |    483 |    479 |      4 |      0 |    337 |   2 |  241.5 |
               +--------+--------+--------+--------+--------+-----+--------+

Top non-repeatable levels by time:
     D:9: 976 daAuts
    D:10: 864 daAuts
     D:1: 747 daAuts
     D:2: 743 daAuts
     D:3: 731 daAuts
    D:11: 712 daAuts
     D:8: 647 daAuts
     D:6: 643 daAuts
     D:7: 534 daAuts
     D:5: 525 daAuts
     D:4: 502 daAuts
   Orc:1: 471 daAuts
  Lair:1: 180 daAuts
    D:12: 57 daAuts
   Orc:2: 12 daAuts
